 Dungeon Crawl Stone Soup version 0.28.0-1-gb440e238dd (webtiles) character file.

Game seed: 16794756889756811965

62747 Bearnado the Impaler (level 14, -16/133 HPs)
             Began as a Minotaur Berserker on Feb 25, 2022.
             Was an Elder of Trog.
             Demolished by an orc knight (27 damage)
             ... on level 2 of the Orcish Mines.
             The game lasted 01:15:24 (18403 turns).

Bearnado the Impaler (Minotaur Berserker)          Turns: 18403, Time: 01:15:27

Health: -16/133    AC: 33    Str: 23    XL:     14   Next: 65%
Magic:  13/13      EV: 13    Int:  6    God:    Trog [****..]
Gold:   1929       SH:  0    Dex: 18    Spells: 13/13 levels left

rFire   . . .      SeeInvis .   z - +4 demon trident (vorpal)
rCold   . . .      Faith    .   (no shield)
rNeg    . . .      Spirit   .   K - +12 chain mail of the Curious Teeth {Int+2}
rPois   +          Reflect  .   s - +2 hat
rElec   .          Harm     .   A - +0 cloak
rCorr   .          Rampage  .   V - +0 pair of gloves
Will    +++..      Rage     1%  (no boots)
Stlth   ..........              T - amulet of regeneration
HPRegen 2.12/turn               O - +6 ring of dexterity
MPRegen 0.13/turn               y - +4 ring of protection

@: mighty, strong-willed, regenerating, studying Bows
A: horns 2, retaliatory headbutt, berserk 1, poison resistance, weak 1
a: Renounce Religion, Berserk, Trog's Hand, Brothers in Arms


You were on level 2 of the Orcish Mines.
You worshipped Trog.
Trog was greatly pleased with you.
You visited 3 branches of the dungeon, and saw 20 of its levels.

You collected 2041 gold pieces.
You spent 112 gold pieces at shops.

Inventory:

Hand Weapons
 f - a +0 shortbow of freezing
 i - the +8 dagger of Greed {vorpal, rPois}
   (You found it on level 2 of the Dungeon)

   It inflicts extra damage upon your enemies.
   rPois:     It protects you from poison.
 l - a +1 scimitar of flaming
 z - a +4 vorpal demon trident (weapon)
 P - a +0 hand crossbow of electrocution
 W - a +2 vorpal shortbow
Missiles
 k - 231 bolts
 p - 2 silver boomerangs (quivered)
 L - 291 arrows
Armour
 m - a +1 scale mail of fire resistance
 o - the +4 scale mail of Restlessness {rN++ Int-4}
   (You found it on level 12 of the Dungeon)

   Int:       It affects your intelligence (-4).
   rN:        It greatly protects you from negative energy.
 s - a +2 hat (worn)
 A - a +0 cloak (worn)
 H - a +0 kite shield
 J - a +2 scale mail of poison resistance
 K - the +12 chain mail of the Curious Teeth (worn) {Int+2}
   (You found it on level 5 of the Lair of Beasts)

   Int:       It affects your intelligence (+2).
 R - +0 swamp dragon scales
 V - a +0 pair of gloves (worn)
 Y - +0 ice dragon scales
Jewellery
 g - an amulet of faith
 w - a ring of positive energy
 y - a +4 ring of protection (right hand)
 O - a +6 ring of dexterity (left hand)
 Q - a ring of flight
 T - an amulet of regeneration (around neck)
Wands
 a - a wand of acid (12)
 d - a wand of iceblast (12)
 j - a wand of flame (28)
 t - a wand of charming (20)
 D - a wand of polymorph (17)
 S - a wand of paralysis (10)
Scrolls
 c - 4 scrolls of vulnerability
 h - 5 scrolls of immolation
 n - 3 scrolls of blinking
 E - 7 scrolls of teleportation
Potions
 b - a potion of invisibility {unknown}
 e - 2 potions of resistance
 q - 2 potions of lignification {unknown}
 r - 2 potions of haste
 v - a potion of ambrosia
 x - a potion of cancellation {unknown}
 B - a potion of heal wounds
 C - a potion of flight
 X - 2 potions of attraction
 Z - 3 potions of curing


   Skills:
 + Level 14.3 Fighting
 + Level 15.9 Polearms
 + Level 11.1 Bows
 + Level 8.9 Crossbows
 + Level 2.7 Throwing
 + Level 13.1 Armour
 + Level 9.6 Dodging
 + Level 3.3 Stealth
 + Level 9.5 Shields


You had 13 spell levels left.
You didn't know any spells.
Your spell library was empty.

Dungeon Overview and Level Annotations

Branches:
Dungeon (12/15)            Temple (0/1) D:6            Lair (6/6) D:10
  Swamp (0/4) Lair:2        Snake (0/4) Lair:4        Slime (0/5) Lair:5
    Orc (2/2) D:12
    Elf: Orc:2

Altars:
Ashenzari
Cheibriados
Dithmenos
Elyvilon
Gozag
Kikubaaqudgha
Makhleb
Sif Muna
Wu Jian
Yredelemnul
Jiyva

Shops:
D:3 (   D:4 *   D:5 [   D:11 *   Orc:2 !

Annotations:
Orc:2 Saint Roka


Innate Abilities, Weirdness & Mutations

You have a pair of horns on your head.
You reflexively headbutt those who attack you in melee.
You tend to lose your temper in combat.
Your system is resistant to poisons. (rPois)
You are weak. (Str -2)


Message History

The orc knight hits you from afar with a +0 bardiche!!
* * * LOW HITPOINT WARNING * * *
You puncture the orc knight! Your headbutt misses the orc knight.
You punch the orc knight.
The orc knight is heavily wounded.
The orc knight no longer looks unusually strong.
The orc knight roars a battlecry!
The orcs go into a battle-frenzy!
The orc warrior barely misses you.
You feel much better.
The orc wizard no longer looks unusually strong.
The orc misses you.
The orc warrior hits you but does no damage.
The orc knight roars a battlecry!
The orc wizard goes into a battle-frenzy!
The orc knight hits you but does no damage.
The orc warrior hits you but does no damage.
You puncture the orc knight!
The orc knight is severely wounded.
The orc hits you but does no damage. The orc knight closely misses you. x2
You hit the orc knight. You punch the orc knight.
The orc knight is almost dead.
The orc warrior barely misses you.
You closely miss the orc knight. Your headbutt misses the orc knight.
You punch the orc knight, but do no damage.
The orc knight is almost dead.
An orc comes into view. It is wielding a +0 mace.
The orc warrior hits you with a +0 hand axe.
The orc knight hits you but does no damage.
The orc knight roars a battlecry!
The orc goes into a battle-frenzy!
The orc warrior hits you from afar with a +0 halberd!!
* * * LOW HITPOINT WARNING * * *
You impale the orc knight!!
You kill the orc knight!
Trog accepts your kill.
The orc warrior hits you with a +0 hand axe!
* * * LOW HITPOINT WARNING * * *
The orc knight hits you from afar with a +0 bardiche!!
You die...

.......#$.......#
..........$....##
................###
................#.##
......#............#
..........o.##ooo.###
.......O....hooo....##
.............#oooo..$#
............ho##@#..##
.............##### #
..............#
...........#.##
....$......##
.........# ..


You could see an orc knight (strong), a warg, 5 orc warriors, an orc wizard
(strong) and 4 orcs.

Vanquished Creatures
  Azrael (D:12)
  A fire dragon (Lair:6)
  An ice dragon (Lair:6)
  2 catoblepae (Lair:6)
  4 hydras
  2 boulder beetles
  3 two-headed ogres
  3 skeletal warriors (D:11)
  3 swamp dragons
  2 orc knights (Orc:2)
  A necromancer (Lair:5)
  The ghost of Triskal the Skirmisher, a novice DsGl (D:6)
  2 lindwurms
  4 cyclopes
  3 manticores
  An ugly thing (D:9)
  2 orc sorcerers (Orc:2)
  13 elephants
  A black mamba (Lair:2)
  7 torpor snails
  12 cane toads
  2 gargoyles
  A kobold demonologist (D:11)
  An unseen horror (D:11)
  4 rime drakes
  13 komodo dragons
  2 polar bears
  3 trolls
  5 hornets (Lair:6)
  4 tyrant leeches (Lair:6)
  6 slime creatures
  23 blink frogs
  4 dream sheep (Lair:3)
  4 basilisks
  2 wraiths
  3 wyverns
  2 fire elementals (D:12)
  3 steam dragons
  41 yaks
  A vampire mosquito (D:9)
  Menkaure (D:4)
  4 wargs (Orc:2)
  2 swamp worms (Lair:2)
  4 acid dragons
  3 hell hounds (D:12)
  12 water moccasins
  2 swamp drakes (Lair:6)
  2 ice beasts
  6 orc warriors
  2 sky beasts
  A hornet zombie (D:9)
  2 black bears
  An elephant zombie (Lair:5)
  2 ogres (Orc:2)
  16 wolves
  2 necrophages
  10 centaurs
  A komodo dragon zombie (Lair:5)
  A phantom (D:5)
  3 kobold brigands
  12 bullfrogs
  3 scorpions
  Blork the orc (D:4)
  5 killer bees (D:9)
  A water moccasin skeleton (D:4)
  2 wights (D:9)
  5 howler monkeys
  8 electric eels
  6 centaur zombies
  A bullfrog zombie (D:6)
  A basilisk zombie (Lair:5)
  7 hounds
  8 orc priests
  A gnoll shaman (D:7)
  4 jellies
  3 centaur skeletons
  Ijyb (D:5)
  Natasha (thrice) (D:2)
  5 iguanas
  5 orc wizards
  6 hell rats (Lair:6)
  2 killer bee zombies (D:9)
  A hound skeleton (D:4)
  A mummy (D:9)
  A howler monkey zombie (D:9)
  Robin (D:3)
  11 gnolls
  6 adders
  A shadow imp (D:6)
  An adder skeleton (D:5)
  A worm (D:4)
  3 dart slugs
  44 orcs
  12 ball pythons
  6 bats
  12 endoplasms
  6 giant cockroaches
  10 hobgoblins
  3 jackals (D:2)
  4 quokkas
  2 frilled lizards
  13 goblins
  16 kobolds
  4 rats
519 creatures vanquished.

Vanquished Creatures (collateral kills)
  A hydra (Lair:5)
  A catoblepas (Lair:5)
  A cane toad (Lair:5)
  2 hornets (Lair:6)
  A wyvern (Lair:5)
6 creatures vanquished.

Vanquished Creatures (others)
  2 orc wizards
  5 fungi
  39 plants
46 creatures vanquished.

Grand Total: 571 creatures vanquished

Notes
Turn   | Place    | Note
-------+----------+-------------------------------------------
     0 | D:1      | Bearnado the Minotaur Berserker began the quest for the
                  | Orb.
     0 | D:1      | Reached XP level 1. HP: 19/19 MP: 0/0
   141 | D:1      | Reached skill level 4 in Polearms
   155 | D:1      | Reached XP level 2. HP: 13/27 MP: 1/1
   190 | D:1      | Found a faded altar of an unknown god.
  1048 | D:2      | Noticed Natasha
  1050 | D:2      | Noticed a crimson imp
  1064 | D:2      | Killed Natasha
  1065 | D:2      | Reached XP level 3. HP: 31/34 MP: 2/2
  1284 | D:2      | Identified the +8 dagger of Greed {vorpal, rPois}
  1313 | D:2      | Noticed Natasha
  1322 | D:2      | Killed Natasha
  1323 | D:2      | Reached XP level 4. HP: 41/41 MP: 3/3
  1361 | D:2      | Reached skill level 5 in Polearms
  1363 | D:2      | Reached ** piety under Trog
  1585 | D:2      | Noticed Natasha
  1590 | D:2      | Killed Natasha
  1726 | D:2      | Reached XP level 5. HP: 45/47 MP: 4/4
  1867 | D:3      | Noticed Robin
  1893 | D:3      | Killed Robin
  1899 | D:3      | Reached skill level 5 in Fighting
  1899 | D:3      | Reached skill level 6 in Polearms
  2073 | D:3      | Found Biffireq's Weapon Shoppe.
  2446 | D:3      | Reached *** piety under Trog
  2447 | D:3      | Reached skill level 1 in Stealth
  2722 | D:3      | Reached XP level 6. HP: 56/56 MP: 5/5
  3316 | D:4      | Noticed Menkaure
  3319 | D:4      | Killed Menkaure
  3320 | D:4      | Reached XP level 7. HP: 61/61 MP: 6/6
  3358 | D:4      | Reached skill level 7 in Polearms
  3411 | D:4      | Found a shimmering blue altar of Sif Muna.
  3569 | D:4      | Found Saityk's Assorted Antiques.
  3629 | D:4      | Bought a purple potion for 21 gold pieces
  3629 | D:4      | Bought a red potion for 21 gold pieces
  3629 | D:4      | Bought an inky potion for 21 gold pieces
  3885 | D:4      | Reached skill level 5 in Armour
  4070 | D:4      | Noticed Blork the orc
  4078 | D:4      | Killed Blork the orc
  4273 | D:5      | Entered Level 5 of the Dungeon
  4324 | D:5      | Reached skill level 8 in Polearms
  4324 | D:5      | Reached XP level 8. HP: 28/70 MP: 7/7
  4608 | D:5      | Noticed Ijyb
  4620 | D:5      | Killed Ijyb
  5011 | D:5      | Found an ancient bone altar of Kikubaaqudgha.
  5071 | D:5      | Found Faqecol's Armour Emporium.
  5076 | D:5      | Bought a +0 kite shield for 49 gold pieces
  5449 | D:6      | Found a runed translucent door.
  5472 | D:6      | Noticed Triskal's ghost (novice DsGl)
  5473 | D:6      | Noticed a manticore
  5485 | D:6      | Reached skill level 9 in Polearms
  6001 | D:6      | Reached **** piety under Trog
  6047 | D:6      | Found a staircase to the Ecumenical Temple.
  6222 | D:6      | Killed Triskal's ghost
  6223 | D:6      | Reached skill level 1 in Shields
  6223 | D:6      | Reached XP level 9. HP: 78/78 MP: 8/8
  6226 | D:6      | Killed a manticore
  6227 | D:6      | Reached skill level 10 in Polearms
  6363 | D:7      | Found a broken altar of Ashenzari.
  7285 | D:8      | Reached skill level 11 in Polearms
  7738 | D:8      | Reached skill level 1 in Crossbows
  7744 | D:8      | Reached ***** piety under Trog
  7745 | D:8      | Reached XP level 10. HP: 79/88 MP: 9/9
  7921 | D:8      | Found a burning altar of Makhleb.
  7921 | D:8      | Found a snail-covered altar of Cheibriados.
  7921 | D:8      | Found a basalt altar of Yredelemnul.
  7921 | D:8      | Found an ornate altar of the Wu Jian Council.
  7928 | D:8      | Found a shadowy altar of Dithmenos.
  7928 | D:8      | Found a white marble altar of Elyvilon.
  8032 | D:8      | Found an opulent altar of Gozag.
  8237 | D:9      | Reached skill level 5 in Dodging
  8268 | D:9      | Noticed a two-headed ogre
  8278 | D:9      | Killed a two-headed ogre
  8500 | D:9      | Reached skill level 10 in Armour
  8948 | D:9      | Noticed a white ugly thing
  8948 | D:9      | Noticed a manticore
  8951 | D:9      | Noticed a two-headed ogre
  8954 | D:9      | Noticed a manticore
  8961 | D:9      | Reached skill level 5 in Shields
  8967 | D:9      | Reached skill level 5 in Crossbows
  8973 | D:9      | Killed a white ugly thing
  8979 | D:9      | Killed a two-headed ogre
  8989 | D:9      | Reached XP level 11. HP: 63/97 MP: 10/10
  8997 | D:9      | Received a gift from Trog
  9492 | D:10     | Entered Level 10 of the Dungeon
  9652 | D:10     | Noticed a two-headed ogre
  9659 | D:10     | Killed a two-headed ogre
  9729 | D:10     | Found a staircase to the Lair.
  9799 | D:10     | Gained mutation: You are strong-willed. (Will+) [potion of
                  | mutation]
  9799 | D:10     | Gained mutation: You tend to lose your temper in combat.
                  | [potion of mutation]
  9800 | D:10     | Lost mutation: You tend to lose your temper in combat.
                  | [potion of mutation]
  9800 | D:10     | Lost mutation: You are strong-willed. (Will+) [potion of
                  | mutation]
  9800 | D:10     | Gained mutation: You tend to lose your temper in combat.
                  | [potion of mutation]
  9800 | D:10     | Gained mutation: Your system is resistant to poisons.
                  | (rPois) [potion of mutation]
  9800 | D:10     | Gained mutation: You are weak. (Str -2) [potion of
                  | mutation]
  9812 | Lair:1   | Entered Level 1 of the Lair of Beasts
  9926 | Lair:1   | You fall into a shaft and drop 1 floor!
  9971 | Lair:2   | Reached skill level 12 in Polearms
  9972 | Lair:2   | Noticed a seven-headed hydra
  9978 | Lair:2   | Killed a seven-headed hydra
  9979 | Lair:2   | Reached skill level 1 in Throwing
 10124 | Lair:2   | Noticed an eight-headed hydra
 10135 | Lair:2   | Killed an eight-headed hydra
 10140 | Lair:2   | Found a staircase to the Swamp.
 10397 | Lair:2   | Reached skill level 10 in Fighting
 10454 | Lair:2   | Reached skill level 13 in Polearms
 10605 | Lair:2   | Found a transporter.
 10621 | Lair:2   | Found a transporter.
 10621 | Lair:2   | Noticed a swamp dragon
 10621 | Lair:2   | Noticed a swamp dragon
 10638 | Lair:2   | Killed a swamp dragon
 10639 | Lair:2   | Reached XP level 12. HP: 88/106 MP: 11/11
 12515 | Lair:4   | Reached skill level 14 in Polearms
 13100 | Lair:4   | Found a staircase to the Snake Pit.
 13570 | Lair:5   | Noticed a seven-headed hydra
 13570 | Lair:5   | Noticed a catoblepas
 13590 | Lair:5   | Killed a seven-headed hydra
 13591 | Lair:5   | Reached XP level 13. HP: 46/116 MP: 12/12
 14027 | Lair:5   | Reached skill level 1 in Bows
 14236 | Lair:5   | Identified the +12 chain mail of the Curious Teeth {Int+2}
 14315 | Lair:5   | Reached skill level 5 in Bows
 14401 | Lair:5   | Found a viscous altar of Jiyva.
 14402 | Lair:5   | Found a staircase to the Slime Pits.
 14491 | Lair:5   | Received a gift from Trog
 14973 | Lair:6   | Entered Level 6 of the Lair of Beasts
 15262 | Lair:6   | Noticed a fire dragon
 15283 | Lair:6   | Killed a fire dragon
 15914 | Lair:6   | Reached skill level 15 in Polearms
 16032 | Lair:6   | Reached XP level 14. HP: 97/127 MP: 13/13
 16278 | Lair:6   | Found a runed translucent door.
 17068 | D:11     | Found Vaijistu's Mayhem Merchandise.
 17508 | D:11     | Reached skill level 10 in Bows
 17854 | D:12     | Noticed Azrael
 17864 | D:12     | Killed Azrael
 17957 | D:12     | Identified the +4 scale mail of Restlessness {rN++ Int-4}
 18263 | D:12     | Found a staircase to the Orcish Mines.
 18275 | Orc:1    | Entered Level 1 of the Orcish Mines
 18308 | Orc:2    | Entered Level 2 of the Orcish Mines
 18335 | Orc:2    | Noticed Saint Roka
 18342 | Orc:2    | Found Hemonn's Distillery.
 18403 | Orc:2    | Demolished by an orc knight

Illustrated notes

Levels and vault maps discovered:
D:1:      dpeg_arrival_another_circle, layout_basic,
          ebering_ecumenical_altar_webs
D:2:      kennysheep_big_flooded_room, layout_basic, serial_bayou_ford_a,
          minmay_ruptured, uniq_natasha
D:3:      layout_basic, serial_shops, nicolae_shop_bloodbath_and_beyond,
          cheibrodos_gnoll_hut, uniq_robin
D:4:      layout_loops_ring, mainiacjoe_overflow_alcove_1, serial_shops,
          nicolae_inconvenience_store, hangedman_glass_teeth,
          serial_park_tiny_2, minmay_crossroads, uniq_blork_the_orc,
          uniq_menkaure
D:5:      layout_loops_corners, lemuel_crystal_altar, serial_shops,
          nicolae_shop_hallway_plus, uniq_ijyb
D:6:      layout_rooms, minmay_temple_entry_statues_pillars,
          ebering_ghost_inner_flame, kennysheep_generic_room_7
D:7:      layout_basic, nicolae_ashenzari_skybound
D:8:      layout_cave_pods, nicolae_gozag_cash_rules_everything_around_me,
          minmay_overflow_temple_hex
D:9:      minmay_the_grid_four_pointed_star_mashed
          [minmay_the_grid_triangle_9x9_thin_v,
          minmay_the_grid_triangle_9x9_pentomino_pain,
          minmay_the_grid_triangle_9x9_cache,
          minmay_the_grid_triangle_9x9_zippers_horizontal,
          minmay_the_grid_prize_big_room], layout_layer_cave, serial_undead,
          serial_undead_a, serial_undead_f, serial_undead_a, serial_undead_b,
          fountainhead
D:10:     layout_loops_corners, grunt_temple_overflow_open, erik_lair_island,
          minmay_sticks_and_stones
D:11:     layout_loops_cross, minmay_shop_mayhem
D:12:     layout_rooms, orc_0_dummy, serial_bayou_pond_d, drop_trap,
          blue_anna_alchemist, uniq_azrael
Lair:1:   layout_cave_pods, grunt_forest_stairs_basic,
          cheibrodos_lair_caveside_slide
Lair:2:   gammafunk_cloud_chamber, layout_long_grid, palyth_hydra_swamp_entry
Lair:3:   layout_regular_city, grunt_megastairs_5
Lair:4:   layout_cave_pods, dummy_snake_entry
Lair:5:   pond_and_an_island_with_a_cottage, layout_cave_pods,
          dpeg_slime_entry_enclosed_altar
Lair:6:   wormcave, layout_layer_cave, guppyfry_lair_end_dragon,
          nzn_sisyphean_effort, lemuel_fruit_tree, grunt_megastairs_4
Orc:1:    layout_diamond_mine, portal_ice_cave_demonic_guard
Orc:2:    st_orc_town, layout_caves, serial_shops, shop, uniq_donald,
          uniq_saint_roka

Skill      XL: |  1  2  3  4  5  6  7  8  9 10 11 12 13 14 |
---------------+-------------------------------------------+-----
Polearms       | 4 5 6 8 9 11 13 14 15 | 15.9
Fighting       | 4 5 6 7 9 10 11 12 14 | 14.3
Armour         | 3 4 5 8 9 10 11 12 13 | 13.1
Dodging        | 3 4 6 7 8 9 |  9.6
Stealth        | 1 2 3 |  3.3
Shields        | 1 3 5 7 9 |  9.5
Crossbows      | 2 5 6 8 |  8.9
Throwing       | 2 |  2.7
Bows           | 8 11 | 11.1

Action                   |  1- 3 |  4- 6 |  7- 9 | 10-12 | 13-15 || total
-------------------------+-------+-------+-------+-------+-------++-------
Melee: Spear             |    87 |   178 |   259 |    90 |       ||   614
       Headbutt          |     2 |    19 |    65 |    76 |   148 ||   310
       Halberd           |       |     5 |   103 |       |       ||   108
       Punch             |       |     1 |       |       |    11 ||    12
       Trident           |       |       |       |    64 |       ||    64
       Demon trident     |       |       |       |   264 |   598 ||   862
 Fire: Hand crossbow     |       |       |    30 |   139 |     4 ||   173
       Shortbow          |       |       |       |       |   202 ||   202
Throw: Boomerang         |       |       |       |    14 |       ||    14
Invok: Berserk           |     3 |     4 |     5 |     5 |     6 ||    23
       Trog's Hand       |       |       |       |     3 |     3 ||     6
       Brothers in Arms  |       |       |       |     1 |     1 ||     2
  Use: Scroll            |       |       |     8 |     8 |     2 ||    18
       Potion            |       |       |       |     4 |     3 ||     7
 Stab: Sleeping          |     1 |       |       |       |       ||     1
       Petrified         |       |       |       |     3 |       ||     3
       Confused          |       |       |       |       |     1 ||     1
Armor: Animal skin       |     5 |     5 |       |       |       ||    10
       Chain mail        |       |    15 |    85 |       |   109 ||   209
       Scale mail        |       |       |    49 |   205 |   159 ||   413
Dodge: Dodged            |    39 |    62 |    81 |   173 |   330 ||   685
Block: Kite shield       |       |       |    64 |   203 |    70 ||   337
